 Dungeon Crawl Stone Soup version 0.28-a0-1506-g3893175d92 (webtiles) character file.

Game seed: 1338288245682441733

16425 Kruzifixxxion the Cleaver (level 12, -1/113 HPs)
             Began as a Minotaur Berserker on Jan 14, 2022.
             Was a High Priest of Trog.
             Killed by refrigeration
             ... invoked by Fannar
              (18 damage)
             ... on level 11 of the Dungeon.
             The game lasted 00:13:55 (12396 turns).

Kruzifixxxion the Cleaver (Minotaur Berserker)     Turns: 12396, Time: 00:13:56

Health: -1/113     AC: 23    Str: 26    XL:     12   Next: 9%
Magic:  11/11      EV: 10    Int:  4    God:    Trog [*****.]
Gold:   635        SH:  5    Dex: 11    Spells: 11/11 levels left

rFire   + . .      SeeInvis .   A - +5 battleaxe
rCold   . . .      Faith    .   (shield currently unavailable)
rNeg    + . .      Spirit   .   t - +0 plate armour
rPois   .          Reflect  +   (helmet restricted)
rElec   .          Harm     .   E - +0 cloak
rCorr   .          Rampage  .   J - +1 pair of gloves
Will    ++...                   K - +2 pair of boots
Stlth   ..........              w - amulet of reflection
HPRegen 1.28/turn               z - ring of protection from fire
MPRegen 0.12/turn               y - ring of positive energy

@: strong-willed, on berserk cooldown, regenerating, slowed, very slow
A: horns 2, retaliatory headbutt
a: Renounce Religion, Berserk, Trog's Hand, Brothers in Arms


You were on level 11 of the Dungeon.
You worshipped Trog.
Trog was extremely pleased with you.
You visited 2 branches of the dungeon, and saw 12 of its levels.
You also visited: Sewer.

You collected 690 gold pieces.
You spent 55 gold pieces at shops.

Inventory:

Hand Weapons
 A - a +5 battleaxe (weapon)
Armour
 t - a +0 plate armour (worn)
 E - a +0 cloak (worn)
 J - a +1 pair of gloves (worn)
 K - a +2 pair of boots (worn)
Jewellery
 a - a ring of protection from cold
 w - an amulet of reflection (around neck)
 y - a ring of positive energy (right hand)
 z - a ring of protection from fire (left hand)
 I - a ring of resist corrosion
Wands
 f - a wand of flame (31)
 j - a wand of paralysis (7)
 u - a wand of iceblast (3)
 x - a wand of mindburst (4)
Scrolls
 c - 8 scrolls of teleportation
 d - 4 scrolls of noise
 k - a scroll of fear
 o - 4 scrolls of amnesia
 p - a scroll of blinking
 q - 4 scrolls of fog
 r - 3 scrolls of enchant armour
 s - 2 scrolls of enchant weapon
 B - a scroll of identify
 F - 2 scrolls of magic mapping
Potions
 b - a potion of ambrosia {unknown}
 e - 6 potions of curing
 g - a potion of heal wounds
 h - 4 potions of mutation
 i - 4 potions of haste
 l - 4 potions of degeneration {unknown}
 m - a potion of magic {unknown}
 n - a potion of flight {unknown}
 v - 5 potions of berserk rage {unknown}
 C - 4 potions of cancellation {unknown}
 D - 2 potions of lignification {unknown}
 G - 2 potions of might {unknown}
 H - a potion of attraction {unknown}


   Skills:
 * Level 12.9 Fighting
 - Level 14.0 Axes
 * Level 12.6 Armour
 + Level 8.3 Dodging


You had 11 spell levels left.
You didn't know any spells.
Your spell library was empty.

Dungeon Overview and Level Annotations

Branches:
Dungeon (11/15)            Temple (0/1) D:5            Lair (0/6) D:11
    Orc (1/2) D:11          Sewer (visited)

Altars:
Elyvilon
Makhleb

Shops:
D:2 !

Annotations:
D:11 Fannar


Innate Abilities, Weirdness & Mutations

You have a pair of horns on your head.
You reflexively headbutt those who attack you in melee.


Message History

Fannar barely misses you. Fannar hits you but does no damage.
Fannar hits you with a +0 quarterstaff of freezing.
* * * LOW HITPOINT WARNING * * *
Fannar freezes you.
* * * LOW HITPOINT WARNING * * *
You feel much better.
Fannar glares icily.
Fannar gestures at you while chanting. The bolt of cold misses you.
Some snowflakes condense on Fannar.
Fannar hits you with a +0 quarterstaff of freezing.
Fannar freezes you.
You slash Fannar! You headbutt Fannar!
Fannar is severely wounded.
Fannar barely misses you.
Fannar gestures wildly while chanting.
You miss Fannar. Your headbutt misses Fannar.
Fannar is severely wounded.
You barely miss the ice beast.
Fannar hits you with a +0 quarterstaff of freezing.
Fannar freezes you.
Fannar hits you with a +0 quarterstaff of freezing.
Fannar freezes you.
The ice beast hits you but does no damage.
Fannar casts a spell.
You barely miss Fannar.
Fannar is severely wounded.
You hit the ice beast but do no damage. You slash the ice beast!
Fannar hits you but does no damage. The ice beast barely misses you.
The ice beast hits you but does no damage.
Fannar gestures wildly while chanting.
Fannar drains the heat from the surrounding environment!
* * * LOW HITPOINT WARNING * * *
The ice beast hits you but does no damage.
As you read the scroll of fear, it crumbles to dust.
You assume a fearsome visage.
Fannar resists with almost no effort.
The ice beast looks frightened! x2
Fannar gestures wildly while chanting.
Fannar drains the heat from the surrounding environment!
You die...

.......#
#.##...#.###.# #
####.###
#.###'##..##.# # #.#
##)#######'##.# # #.#
###...# #...#.# # #.#
##...8.# #.8.#.# #
#.###..#..)## ##...#.#
#
#.##...##.#[###'#.##.#
#
#......##.##YeY##.##.#
####...##.##.@.##.##.#
######.##...##.##.#
##.#'###'#.##.# #..[##
##...#.# ###.8.#
#.8.'.# #.'...#
#...###
#.##.########## #....#
#.########### #.####
#.##........#


You could see Fannar (fast) and 2 ice beasts.

Vanquished Creatures
  Josephine (D:11)
  4 two-headed ogres
  An orc high priest (Orc:1)
  Urug (Orc:1)
  An orc knight (D:10)
  A cyclops (D:11)
  2 ugly things
  A kobold demonologist (D:11)
  An unseen horror (D:11)
  A komodo dragon (D:11)
  2 trolls
  Grinder (D:4)
  A meliai zombie (D:5)
  5 wraiths
  12 yaks
  4 wyverns
  Edmund (D:4)
  4 acid dragons
  A water moccasin (D:6)
  A sky beast (D:7)
  7 orc warriors
  A black bear (D:5)
  5 ogres
  8 centaurs
  A phantom (D:7)
  3 kobold brigands
  A bullfrog (D:6)
  A gnoll sergeant (D:6)
  A water moccasin zombie (D:5)
  4 scorpions
  A wyvern skeleton (D:6)
  A jelly (D:5)
  17 killer bees
  3 wights
  2 bullfrog zombies (D:6)
  2 centaur zombies
  2 quasits (Sewer)
  2 hounds (D:4)
  14 orc priests
  2 gnoll shamans
  Jessica (D:3)
  An iguana (D:7)
  Ijyb (D:4)
  11 orc wizards
  The ghost of paps the Sneak, a weakling OpDe (D:5)
  2 howler monkey zombies
  15 gnolls
  10 adders
  3 shadow imps
  A white imp (D:7)
  3 ufetubi (Sewer)
  2 adder skeletons
  2 worms (D:3)
  3 dart slugs
  76 orcs
  7 endoplasms
  11 giant cockroaches
  7 goblins
  A hobgoblin (D:1)
  2 jackals (D:2)
  34 kobolds
  7 quokkas
  6 ball pythons
  9 bats
  5 frilled lizards
  4 rats
349 creatures vanquished.

Vanquished Creatures (others)
  A giant cockroach zombie (Sewer)
  13 plants (D:6)
14 creatures vanquished.

Grand Total: 363 creatures vanquished

Notes
Turn   | Place    | Note
-------+----------+-------------------------------------------
     0 | D:1      | Kruzifixxxion the Minotaur Berserker began the quest for
                  | the Orb.
     0 | D:1      | Reached XP level 1. HP: 19/19 MP: 0/0
    59 | D:1      | Found a faded altar of an unknown god.
   242 | D:1      | Reached skill level 4 in Axes
   292 | D:1      | Reached XP level 2. HP: 18/26 MP: 1/1
   979 | D:2      | Reached skill level 5 in Axes
  1049 | D:2      | Reached XP level 3. HP: 31/31 MP: 2/2
  1309 | D:2      | Reached ** piety under Trog
  1496 | D:2      | Reached skill level 6 in Axes
  1496 | D:2      | Reached XP level 4. HP: 36/39 MP: 3/3
  1499 | D:2      | Found a white marble altar of Elyvilon.
  1672 | D:2      | Found Adiob's Distillery.
  1835 | D:2      | Bought a potion of heal wounds for 55 gold pieces
  2017 | D:3      | Noticed Jessica
  2021 | D:3      | Killed Jessica
  2036 | D:3      | Reached XP level 5. HP: 31/45 MP: 4/4
  2199 | D:3      | Reached skill level 7 in Axes
  2824 | D:4      | Noticed Ijyb
  2850 | D:4      | Killed Ijyb
  2953 | D:4      | Noticed Grinder
  2970 | D:4      | Paralysed by Grinder for 4 turns
  2983 | D:4      | Killed Grinder
  2984 | D:4      | Reached skill level 9 in Axes
  2984 | D:4      | Reached XP level 6. HP: 19/51 MP: 5/5
  3216 | D:4      | Reached XP level 7. HP: 41/57 MP: 6/6
  3504 | D:4      | Noticed Edmund
  3516 | D:4      | Killed Edmund
  3517 | D:4      | Reached skill level 10 in Axes
  3679 | D:4      | Found a burning altar of Makhleb.
  3802 | D:5      | Entered Level 5 of the Dungeon
  3812 | D:5      | Reached skill level 11 in Axes
  3974 | D:5      | Reached XP level 8. HP: 34/64 MP: 7/7
  4477 | D:5      | Found a staircase to the Ecumenical Temple.
  4532 | D:5      | Reached *** piety under Trog
  4730 | D:5      | Found a runed translucent door.
  4739 | D:5      | Noticed paps's ghost (weakling OpDe)
  4820 | D:5      | Reached skill level 5 in Fighting
  5009 | D:5      | Killed paps's ghost
  5082 | D:6      | Found a glowing drain.
  5097 | Sewer    | Entered a sewer
  5325 | Sewer    | Found a burning altar of Makhleb.
  5344 | Sewer    | Reached skill level 12 in Axes
  5519 | D:6      | Reached skill level 5 in Armour
  5814 | D:6      | Reached XP level 9. HP: 75/75 MP: 8/8
  5870 | D:6      | Reached **** piety under Trog
  6711 | D:7      | Noticed a troll
  6718 | D:7      | Killed a troll
  7544 | D:8      | Reached skill level 5 in Dodging
  7868 | D:8      | Noticed a two-headed ogre
  7874 | D:8      | Killed a two-headed ogre
  7875 | D:8      | Reached XP level 10. HP: 90/90 MP: 9/9
  8919 | D:9      | Noticed a white ugly thing
  8926 | D:9      | Killed a white ugly thing
  8927 | D:9      | Reached skill level 13 in Axes
  9227 | D:9      | Noticed a two-headed ogre
  9232 | D:9      | Killed a two-headed ogre
  9233 | D:9      | Reached skill level 10 in Fighting
  9420 | D:10     | Entered Level 10 of the Dungeon
  9579 | D:10     | Reached skill level 10 in Armour
  9727 | D:10     | Reached XP level 11. HP: 62/101 MP: 10/10
 10045 | D:10     | Noticed an orc knight
 10053 | D:10     | Killed an orc knight
 10297 | D:10     | Noticed a cyan ugly thing
 10305 | D:10     | Killed a cyan ugly thing
 10954 | D:11     | Noticed Josephine
 10972 | D:11     | Killed Josephine
 11229 | D:11     | Found a staircase to the Orcish Mines.
 11719 | D:11     | Noticed a sun demon
 11721 | D:11     | Reached ***** piety under Trog
 11802 | D:11     | Found a staircase to the Lair.
 11837 | D:11     | Noticed a two-headed ogre
 11841 | D:11     | Killed a two-headed ogre
 11897 | D:11     | Reached skill level 14 in Axes
 12227 | D:11     | Noticed a two-headed ogre
 12235 | D:11     | Killed a two-headed ogre
 12350 | Orc:1    | Entered Level 1 of the Orcish Mines
 12351 | Orc:1    | Noticed an orc high priest
 12356 | Orc:1    | Noticed Fannar
 12361 | Orc:1    | Killed an orc high priest
 12362 | Orc:1    | Reached XP level 12. HP: 113/113 MP: 11/11
 12362 | Orc:1    | Noticed Urug
 12374 | Orc:1    | Killed Urug
 12396 | D:11     | Killed from afar by Fannar

Illustrated notes

Levels and vault maps discovered:
D:1:      saegor_arrival_simple_c, layout_basic, ebering_ecumenical_altar_box
D:2:      layout_basic, serial_shops, shop, basic_altar
D:3:      layout_basic, kennysheep_pointless_box, kennysheep_crisscross,
          minmay_fractal_squares_5, uniq_jessica
D:4:      layout_cave_pools, mainiacjoe_overflow_24_doors,
          chequers_serial_rivers_large_a, uniq_ijyb, uniq_edmund, uniq_grinder
D:5:      kennysheep_big_flooded_room, layout_gridville,
          minmay_temple_entry_junction, hellmonk_ghost_happy_afterlife
D:6:      layout_loops_cross, portal_sewer_entry_f, columned_hall_lemuel,
          hangedman_decor_push, serial_bayou_pond_c
D:7:      layout_rooms
D:8:      layout_gridville
D:9:      layout_roguey
D:10:     kennysheep_blocky_room, layout_irregular_city
D:11:     layout_loops_corners, lair_entry_dummy, hiddenorc2_lemuel,
          uniq_josephine
Orc:1:    layout_caves, serial_shops, shop, uniq_urug, uniq_fannar

Skill      XL: |  1  2  3  4  5  6  7  8  9 10 11 |
---------------+----------------------------------+-----
Axes           | 4 5 6 9 11 12 13 14 | 14.0
Fighting       | 6 8 10 12 | 12.9
Armour         | 5 8 10 12 | 12.6
Dodging        | 3 5 6 8 |  8.3

Action                   |  1- 3 |  4- 6 |  7- 9 | 10-12 || total
-------------------------+-------+-------+-------+-------++-------
Melee: Hand axe          |    73 |   124 |    41 |       ||   238
       Headbutt          |     9 |    13 |    44 |    59 ||   125
       Punch             |     1 |     2 |       |       ||     3
       Battleaxe         |       |       |   234 |   313 ||   547
Invok: Berserk           |     3 |     3 |     7 |     8 ||    21
       Trog's Hand       |       |     3 |     8 |     6 ||    17
  Use: Scroll            |       |     3 |    12 |     3 ||    18
       Potion            |       |     1 |       |     2 ||     3
Armor: Leather armour    |    13 |       |       |       ||    13
       Ring mail         |    27 |    16 |       |       ||    43
       Plate armour      |       |    32 |   123 |   191 ||   346
       Skin              |       |    14 |       |       ||    14
Dodge: Dodged            |    46 |    37 |   102 |   144 ||   329
Block: Other             |       |       |    49 |    70 ||   119
       Reflection        |       |       |     2 |     3 ||     5

Table legend: (Time is in decaauts)
 A = Elapsed time spent in this place.
 B = Non-inter-level travel time spent in this place.
 C = Inter-level travel time spent in this place.
 D = Time resting spent in this place.
 E = Time spent auto-exploring this place.
 F = Levels seen in this place.
 G = Mean time per level.
                   A        B        C        D        E       F      G
               +--------+--------+--------+--------+--------+-----+--------+
         Total |  12633 |  12178 |    455 |    886 |   9435 |  13 |  971.8 |
       Dungeon |  12182 |  11728 |    454 |    882 |   9179 |  11 | 1107.5 |
  Orcish Mines |     30 |     30 |      0 |      0 |      0 |   1 |   30.0 |
         Sewer |    421 |    421 |      0 |      4 |    256 |   1 |  421.0 |
               +--------+--------+--------+--------+--------+-----+--------+

Top non-repeatable levels by time:
    D:11: 1608 daAuts
    D:10: 1379 daAuts
     D:5: 1285 daAuts
     D:8: 1172 daAuts
     D:2: 1131 daAuts
     D:9: 1101 daAuts
     D:4: 1008 daAuts
     D:6: 984 daAuts
     D:1: 919 daAuts
     D:3: 819 daAuts
     D:7: 771 daAuts
   Sewer: 421 daAuts
   Orc:1: 30 daAuts
